 Dungeon Crawl Stone Soup version 0.31-a0-96-g196d5507e3 (webtiles) character file.

Game seed: 15317703840222539780

7 Colgate the Grave Robber (level 2, -8/20 HPs)
             Began as a Meteoran Necromancer on May 26, 2023.
             Killed by divine providence
             ... invoked by an orc priest
              (14 damage)
             ... on level 4 of the Dungeon.
             The game lasted 00:02:02 (169 turns).

Colgate the Grave Robber (Meteoran Necromancer)      Turns: 169, Time: 00:02:03

Health: -8/20      AC:  3    Str:  9    XL:     2   Next: 23%
Magic:  1/7        EV: 12    Int: 16    God:
Gold:   82         SH:  0    Dex: 14    Spells: 7/8 levels left

rFire   . . .        e - +0 hand axe
rCold   + . .        (no shield)
rNeg    . . .        a - +0 robe
rPois   .            (no helmet)
rElec   .            g - +0 cloak
rCorr   .            (no gloves)
SInv    .            (no boots)
Will    .....        (no amulet)
Stlth   +            c - ring of protection from cold
HPRegen 0.23/turn    (no ring)
MPRegen 0.10/turn

%: no passive effects
@: glowing
A: sense surroundings 1, otherworldly, glowing, explore regen
a: no special abilities


You were on level 4 of the Dungeon.
You visited 1 branch of the dungeon, and saw 4 of its levels.

You collected 82 gold pieces.

Inventory:

Hand Weapons
 e - a +0 hand axe (weapon)
Missiles
 h - 2 curare-tipped darts
Armour
 a - a +0 robe (worn)
 d - a +0 tower shield
 g - a +0 cloak (worn)
Jewellery
 c - a ring of protection from cold (left hand)
Scrolls
 f - a scroll of identify {unknown}
Potions
 b - a potion of magic


   Skills:
 - Level 2.4 Dodging
 - Level 1.4 Stealth
 + Level 3.5 Spellcasting
 - Level 4.3 Necromancy


You had 7 spell levels left.
You knew the following spells:

 Your Spells              Type           Power      Damage    Failure   Level
a - Necrotise             Necr           64%        1d7       3%          1

Your spell library contained the following spells:

 Spells                   Type           Power      Damage    Failure   Level
 Vampiric Draining        Necr           16%        2d7       9%          3
 Animate Dead             Necr           16%        N/A       28%         4
 Agony                    Necr           16%        N/A       63%         5


Dungeon Overview and Level Annotations

Branches:
Dungeon (4/15) Zot: 2230
 Temple: D:4-7

Altars:


Innate Abilities, Weirdness & Mutations

You passively map a small area around you.
You are easily found by Zot.
You glow in the dark.
You regain HP and MP as you explore.


Message History

Aim: an orc priest, wielding a +0 hand axe (heavily wounded, chance to affect: 73%)
The orc priest struggles to resist.
Aiming: Necrotise (safe; 3% risk of failure)
Aim: an orc priest, wielding a +0 hand axe (heavily wounded, chance to affect: 73%)
The orc priest writhes in agony!
An orc comes into view. It is wielding a +0 whip.
The endoplasm freezes you.
You are frozen.
You resist.
An orc comes into view. It is wielding a +0 mace.
The orc priest calls down the wrath of Beogh upon you.
Pain shoots through your body!
Ouch! That really hurt!
You don't have enough magic to cast this spell.
Unknown command.
You completely miss the endoplasm. The endoplasm freezes you.
You are frozen.
You resist.
The orc priest looks encouraged for a moment.
You barely miss the endoplasm.
The orc shouts!
A giant cockroach comes into view.
The endoplasm closely misses you. The endoplasm attacks as you move away!
The endoplasm hits you but does no damage.
You hit the endoplasm but do no damage. The endoplasm closely misses you.
The endoplasm hits you but does no damage.
The orc shouts!
You hit the endoplasm but do no damage. You hit the orc but do no damage.
The endoplasm hits you but does no damage.
The orc hits you but does no damage.
You closely miss the orc. You barely miss the endoplasm.
An adder comes into view.
The endoplasm freezes you.
You are frozen.
You resist.
* * * LOW HITPOINT WARNING * * *
The orc hits you but does no damage.
The orc priest invokes the aid of Beogh against you.
Beogh smites you!
Ouch! That really hurt!
You die...

, .#o$.., ...##*#..,
#####..S###..$.. ... ,
........#....##. #.# , ,,
........o.. ..#.##.# * *
.........# #.#..#.# .
.......>o# #. #.#.# ###.
.......#o## #.##...# #..,
.......#oJ# #.....## ##.#
.......##@####....# #.<# ,
....... #......#..####.##
....... ###....#)..)...#
##...#.###.....#......#...
*#####.#.......#.....#####
* #.#####....).## * * *#.#
........## , ..##.....≈.##
.####.....≈.# * ~~


You could see an orc priest, an adder (wandering), 3 orcs and an endoplasm.

Vanquished Creatures
  A worm (D:4)
  2 goblins
  A kobold (D:4)
4 creatures vanquished.

Notes
Turn   | Place    | Note
-------+----------+-------------------------------------------
     0 | D:1      | Colgate the Meteoran Necromancer began the quest for the
                  | Orb.
     0 | D:1      | Reached XP level 1. HP: 14/14 MP: 5/5
   155 | D:4      | Reached XP level 2. HP: 20/20 MP: 0/7
   169 | D:4      | Killed from afar by an orc priest

Illustrated notes

Levels and vault maps discovered:
D:1:      minmay_arrival_four_loops, layout_basic
D:2:      layout_basic, uniq_sigmund
D:3:      layout_basic, mainiacjoe_overflow_big_doors, gammafunk_ghost_grave,
          minmay_crystal_room, minmay_liquid_box
D:4:      layout_rooms, serial_rivers, chequers_serial_rivers_micro_e,
          chequers_serial_rivers_micro_c, chequers_serial_rivers_large_a,
          chequers_serial_rivers_micro_a, chequers_serial_rivers_micro_c,
          chequers_serial_rivers_micro_a, gammafunk_ghost_smash, uniq_natasha

Skill      XL: |  1 |
---------------+----+-----
Spellcasting   | 3 |  3.5
Dodging        | |  2.4
Stealth        | |  1.4
Necromancy     | |  4.3

Action                     || total
---------------------------++-------
  Melee: Hand axe          ||     6
   Cast: Necrotise         ||    13
 Armour: Robe              ||     5
  Dodge: Dodged            ||     2

Table legend: (Time is in decaauts)
 A = Elapsed time spent in this place.
 B = Non-inter-level travel time spent in this place.
 C = Inter-level travel time spent in this place.
 D = Time resting spent in this place.
 E = Time spent auto-exploring this place.
 F = Levels seen in this place.
 G = Mean time per level.
                   A        B        C        D        E       F      G
               +--------+--------+--------+--------+--------+-----+--------+
         Total |    168 |    168 |      0 |      0 |      0 |   4 |   42.0 |
       Dungeon |    168 |    168 |      0 |      0 |      0 |   4 |   42.0 |
               +--------+--------+--------+--------+--------+-----+--------+

Top non-repeatable levels by time:
     D:4: 56 daAuts
     D:1: 52 daAuts
     D:3: 51 daAuts
     D:2: 8 daAuts
